 Dungeon Sprint DCSS version 0.31-a0-640-g39d97e502b (webtiles) character file.

Game seed: 11666335594989650192

4755 sircluck the Grappler (level 10, -8/128 HPs)
             Began as a Troll Berserker on Aug 28, 2023.
             Was a High Priest of Trog.
             Mangled by Dowan
             ... wielding a +2 morningstar of distortion
              (16 damage)
             ... in the Dungeon (Sprint III: "The Ten Rune Challenge").
             The game lasted 00:04:07 (676 turns).

sircluck the Grappler (Troll Berserker)              Turns: 676, Time: 00:04:07

Health: -8/128     AC:  8    Str: 31    XL:     10   Next: 23%
Magic:  9/9        EV: 13    Int:  3    God:    Trog [*****.]
Gold:   18         SH:  0    Dex:  9    Spells: 9/9 levels left

rFire   + .          .
                       - Unarmed
rCold   . . .        (no shield)
rNeg    . . .        o - +2 robe {rF+}
rPois   .            (helmet restricted)
rElec   .            (no cloak)
rCorr   .            (gloves unavailable)
SInv    .            (boots unavailable)
Will    .....        (no amulet)
Stlth   +            (no ring)
HPRegen 1.21/turn    (no ring)
MPRegen 0.11/turn

%: no teleportation
@: on berserk cooldown, slowed, very slow
A: large, unfitting armour, claws 3, regeneration 1, shaggy fur 1, tough skin 1,
talons 1, iridescent scales 1, robust 1
a: Renounce Religion, Berserk, Trog's Hand, Brothers in Arms


You were in the Dungeon.
You worshipped Trog.
Trog was extremely pleased with you.
You visited 1 branch You collected 18 gold pieces.

Inventory:

Armour
 a - a +0 animal skin
 o - a +2 robe of fire resistance (worn)
Wands
 n - a wand of mindburst (13)
Scrolls
 g - 2 scrolls of blinking
 h - 3 scrolls of identify {unknown}
 j - 2 scrolls of poison {unknown}
Potions
 c - 2 potions of heal wounds
 d - a potion of haste
 e - 2 potions of magic
 f - a potion of berserk rage
 i - a potion of mutation
 k - a potion of invisibility {unknown}
 l - 2 potions of enlightenment
 m - a potion of brilliance {unknown}


   Skills:
 + Level 12.3 Fighting
 + Level 12.2 Dodging
 + Level 14.3 Unarmed Combat


You had 9 spell levels left.
You didn't know any spells.
Your spell library was empty.

Dungeon Overview and Level Annotations

Branches:
Dungeon (1/1)

Altars:
Cheibriados
Dithmenos
Elyvilon
Fedhas
Gozag
Hepliaklqana
Kikubaaqudgha
Makhleb
Nemelex Xobeh
Okawaru
Qazlal
Ru
Sif Muna
Trog
Uskayaw
Vehumet
Wu Jian
Xom
Yredelemnul
Zin
The Shining One
Jiyva
Lugonu

Annotations:
D Dowan


Innate Abilities, Weirdness & Mutations

You are too large for most types of armour.
You have claws for hands.
Your natural rate of healing is unusually fast.
You are covered in fur. (AC +1)
You have tough skin. (AC +1)
You have sharp toenails.
You are partially covered in iridescent scales. (AC +2)
You are robust. (+10% HP)


Message History

Dowan gestures at you while chanting. The bolt of cold hits you!!
You eviscerate Duvessa!!! You claw Duvessa!
Duvessa is severely wounded.
Duvessa hits you with a +1 great sword of freezing!
Duvessa freezes you.
You completely miss Duvessa. Your kick misses Duvessa.
Duvessa is severely wounded.
Dowan casts a spell at you. The bolt of cold hits you!!
You eviscerate Duvessa!!!
You kill Duvessa!
Trog accepts your kill.
Dowan seems overcome with grief.
Dowan seems to find hidden reserves of power!
You closely miss Dowan.
Dowan points at you and mumbles some strange words.
The stone arrow misses you.
Your troll rages.
You scratch Dowan. Your kick misses Dowan. You claw Dowan!
Dowan is lightly wounded.
Dowan hits you with a +2 morningstar of distortion!
Space warps around you.
* * * LOW HITPOINT WARNING * * *
You closely miss Dowan. Your kick misses Dowan. You claw Dowan!!
Dowan is heavily wounded.
You claw Dowan!
Dowan is heavily wounded.
You are no longer berserk.
You are exhausted.
You feel yourself slow down. Dowan casts a spell at you.
The shard of ice hits you!!
* * * LOW HITPOINT WARNING * * *
You claw Dowan! Your kick misses Dowan.
Dowan is heavily wounded.
Dowan hits you with a +2 morningstar of distortion.
* * * LOW HITPOINT WARNING * * *
Space warps horribly around you!
You die...

#..~~~'.#.'...'.#.#.#)†...~≈#
#.#§~§#.#.#.).##.#.#†##...~≈#
'.#)§.#.#.#)).#.#.#)#.#...~≈≈≈#
#.#.§§#...#...##.#.#.##...~~~~#
▓▓▓▓▓▓▓▓▓▓▓▓▓▓#.#.#.#.#.......#
##.#.#.##.......#
+.#.#.#.#.......#
##T#.#.########## #@##### #e).+
#...# #...# #####


You could see Dowan (fast, ally target) and a friendly troll (summoned,
berserk).

Vanquished Creatures
  A centaur warrior (D)
  Erica (D)
  A deep elf pyromancer (D)
  Duvessa (D)
  An unseen horror (D)
  A queen bee (D)
  A shadow (D)
  A spatial vortex (D)
  2 centaurs (D)
  An earth elemental (D)
  A water elemental (D)
  A necrophage (D)
  27 killer bees (D)
  A jelly (D)
  A wizard (D)
  A necromancer (D)
  3 humans (D)
  A kobold demonologist (D)
  A phantom (D)
  An endoplasm (D)
  3 rats (D)
52 creatures vanquished.

Vanquished Creatures (collateral kills)
  5 killer bees (D)
5 creatures vanquished.

Grand Total: 57 creatures vanquished

Notes
Turn   | Place    | Note
-------+----------+-------------------------------------------
     0 | D        | sircluck the Troll Berserker began the quest for the Orb.
     0 | D        | Reached XP level 1. HP: 22/22 MP: 0/0
    32 | D        | Reached ** piety under Trog
    82 | D        | Reached skill level 4 in Unarmed Combat
    82 | D        | Reached XP level 2. HP: 29/31 MP: 1/1
   121 | D        | Noticed a water elemental
   124 | D        | Killed a water elemental
   124 | D        | Reached *** piety under Trog
   125 | D        | Reached skill level 5 in Unarmed Combat
   125 | D        | Reached XP level 3. HP: 38/40 MP: 2/2
   125 | D        | Reached XP level 4. HP: 46/49 MP: 3/3
   150 | D        | Gained mutation: You have a pair of small antennae on your
                  | head. [potion of mutation]
   151 | D        | Lost mutation: You have a pair of small antennae on your
                  | head. [potion of mutation]
   151 | D        | Gained mutation: You are partially covered in iridescent
                  | scales. (AC +2) [potion of mutation]
   151 | D        | Gained mutation: You are robust. (+10% HP) [potion of
                  | mutation]
   151 | D        | Gained mutation: You have sharp toenails. [potion of
                  | mutation]
   165 | D        | Found a basalt altar of Yredelemnul.
   165 | D        | Found a shadowy altar of Dithmenos.
   165 | D        | Found a sacrificial altar of Ru.
   165 | D        | Noticed a necrophage
   168 | D        | Reached skill level 5 in Fighting
   168 | D        | Reached skill level 5 in Dodging
   168 | D        | Reached skill level 6 in Unarmed Combat
   169 | D        | Killed a necrophage
   170 | D        | Reached XP level 5. HP: 55/64 MP: 4/4
   194 | D        | Found a radiant altar of Vehumet.
   194 | D        | Found a shimmering blue altar of Sif Muna.
   194 | D        | Found an ancient bone altar of Kikubaaqudgha.
   196 | D        | Reached **** piety under Trog
   197 | D        | Reached skill level 7 in Unarmed Combat
   214 | D        | Found a hide-covered altar of Uskayaw.
   214 | D        | Found an iron altar of Okawaru.
   214 | D        | Found a bloodstained altar of Trog.
   214 | D        | Found an ornate altar of the Wu Jian Council.
   214 | D        | Noticed a human
   215 | D        | Noticed a human
   220 | D        | Killed a human
   221 | D        | Reached skill level 8 in Unarmed Combat
   221 | D        | Reached XP level 6. HP: 78/78 MP: 5/5
   224 | D        | Killed a human
   225 | D        | Reached skill level 9 in Unarmed Combat
   276 | D        | Found a glowing silver altar of Zin.
   276 | D        | Found a glowing golden altar of the Shining One.
   276 | D        | Found a white marble altar of Elyvilon.
   276 | D        | Noticed a deep elf pyromancer
   281 | D        | Killed a deep elf pyromancer
   281 | D        | Reached ***** piety under Trog
   282 | D        | Reached skill level 10 in Unarmed Combat
   282 | D        | Reached XP level 7. HP: 89/89 MP: 6/6
   310 | D        | Noticed a shadow
   314 | D        | Killed a shadow
   315 | D        | Reached XP level 8. HP: 92/101 MP: 7/7
   323 | D        | Found a blossoming altar of Fedhas.
   323 | D        | Found a stormy altar of Qazlal.
   323 | D        | Found a snail-covered altar of Cheibriados.
   323 | D        | Found a burning altar of Makhleb.
   323 | D        | Found a shimmering altar of Xom.
   324 | D        | Found a hazy altar of Hepliaklqana.
   324 | D        | Found an opulent altar of Gozag.
   324 | D        | Found a sparkling altar of Nemelex Xobeh.
   324 | D        | Found a corrupted altar of Lugonu.
   324 | D        | Found a viscous altar of Jiyva.
   331 | D        | Reached skill level 11 in Unarmed Combat
   343 | D        | Noticed Erica
   350 | D        | Killed Erica
   350 | D        | Received a gift from Trog
   351 | D        | Reached skill level 10 in Fighting
   351 | D        | Reached skill level 10 in Dodging
   407 | D        | Reached skill level 12 in Unarmed Combat
   415 | D        | Noticed a centaur warrior
   422 | D        | Killed a centaur warrior
   423 | D        | Reached XP level 9. HP: 57/112 MP: 8/8
   486 | D        | Killed an unseen horror
   487 | D        | Reached skill level 13 in Unarmed Combat
   536 | D        | Received a gift from Trog
   548 | D        | Noticed a queen bee
   555 | D        | Identified the +11 dire flail of the Hills {heavy, Dex+3}
                  | (Trog gifted it to you in the Dungeon)
   555 | D        | Received a gift from Trog
   558 | D        | Reached ****** piety under Trog
   565 | D        | Received a gift from Trog
   571 | D        | Reached XP level 10. HP: 126/126 MP: 9/9
   589 | D        | Reached skill level 14 in Unarmed Combat
   595 | D        | Received a gift from Trog
   661 | D        | Noticed Dowan
   661 | D        | Noticed Duvessa
   671 | D        | Killed Duvessa
   676 | D        | Mangled by Dowan

Illustrated notes

Levels and vault maps discovered:
D:        dungeon_sprint_mu [sprint_mu_entry_cave, sprint_mu_temple_rooms,
          sprint_mu_d1_horrors, sprint_mu_d2_genie, sprint_mu_d3_branching,
          sprint_mu_orc_legion, sprint_mu_elf_gauntlet, sprint_mu_hive_nellie,
          sprint_mu_lair_fedhas, sprint_mu_vaults_butterflies,
          sprint_mu_slime_circle, sprint_mu_swamp_cave, sprint_mu_shoals_archi,
          sprint_mu_blade_basic, sprint_mu_crypt_fortress,
          sprint_mu_tomb_spiral, sprint_mu_vestibule_basic,
          sprint_mu_gehenna_hellfire, sprint_mu_dis_giant,
          sprint_mu_tartarus_statrot, sprint_mu_cocytus_islands, sprint_mu_zot1]

Skill      XL: |  1  2  3  4  5  6  7  8  9 10 |
---------------+-------------------------------+-----
Fighting       | 3 4 5 7 8 9 10 11 12 | 12.3
Dodging        | 3 4 5 7 8 9 10 11 12 | 12.2
Unarmed Combat | 4 5 6 8 10 12 13 14 | 14.3

Action                     |  1- 3 |  4- 6 |  7- 9 | 10-12 || total
---------------------------+-------+-------+-------+-------++-------
  Melee: Unarmed           |    31 |    21 |    73 |    33 ||   158
         Kick              |       |     4 |    18 |     8 ||    30
         Punch             |       |     1 |     6 |     2 ||     9
 Invoke: Berserk           |     1 |     2 |     1 |     1 ||     5
         Brothers in Arms  |       |       |     1 |     2 ||     3
         Trog's Hand       |       |       |     1 |       ||     1
    Use: Potion            |       |     2 |       |     1 ||     3
 Armour: Animal skin       |     5 |       |       |       ||     5
         Robe              |       |       |    26 |     8 ||    34
  Dodge: Dodged            |    12 |     8 |    41 |    30 ||    91

Table legend: (Time is in decaauts)
 A = Elapsed time spent in this place.
 B = Non-inter-level travel time spent in this place.
 C = Inter-level travel time spent in this place.
 D = Time resting spent in this place.
 E = Time spent auto-exploring this place.
 F = Levels seen in this place.
 G = Mean time per level.
                   A        B        C        D        E       F      G
               +--------+--------+--------+--------+--------+-----+--------+
         Total |    669 |    666 |      3 |    207 |     71 |   1 |  669.0 |
       Dungeon |    669 |    666 |      3 |    207 |     71 |   1 |  669.0 |
               +--------+--------+--------+--------+--------+-----+--------+

Top non-repeatable levels by time:
       D: 669 daAuts
